 Dungeon Crawl Stone Soup version 0.27.0-1-g7a089689b8 (webtiles) character file.

Game seed: 9145390360292651158

173 Thomus the Chopper (level 5, 0/46 HPs)
             Began as a Hill Orc Fighter on Aug 2, 2021.
             Succumbed to an adder's poison
             ... on level 3 of the Dungeon.
             The game lasted 00:04:24 (2517 turns).

Thomus the Chopper (Hill Orc Fighter)               Turns: 2517, Time: 00:04:25

Health: 0/46       AC: 15    Str: 19    XL:     5   Next: 53%
Magic:  5/5        EV:  5    Int:  8    God:
Gold:   115        SH:  9    Dex: 11    Spells: 4/4 levels left

rFire    . . .     SeeInvis .   a - +0 war axe
rCold    . . .     Faith    .   c - +0 kite shield
rNeg     . . .     Spirit   .   p - +3 chain mail
rPois    .         Reflect  .   r - +0 helmet
rElec    .         Harm     .   (no cloak)
rCorr    .         Rampage  .   q - +1 pair of gloves
Will     .....                  (no boots)
Stlth    ..........             (no amulet)
HPRegen  0.15/turn              (no ring)
MPRegen  0.09/turn              (no ring)

@: brilliant, lethally poisoned (0 -> -3)
A: no striking features
a: no special abilities


You were on level 3 of the Dungeon.
You visited 1 branch of the dungeon, and saw 3 of its levels.

You collected 115 gold pieces.

Inventory:

Hand Weapons
 a - a +0 war axe (weapon)
 j - a +0 war axe
Missiles
 m - 4 boomerangs (quivered)
Armour
 b - a +0 scale mail
 c - a +0 kite shield (worn)
 n - a +0 chain mail
 p - a +3 chain mail (worn)
 q - a +1 pair of gloves (worn)
 r - a +0 helmet (worn)
Jewellery
 f - an amulet of magic regeneration
Wands
 t - a wand of flame (13)
Scrolls
 h - a scroll of blinking {unknown}
 k - a scroll of enchant weapon {unknown}
 o - a scroll of enchant armour {unknown}
 s - a scroll of summoning {unknown}
 v - a scroll of vulnerability {unknown}
Potions
 d - a potion of might
 g - a potion of attraction {unknown}
 i - a potion of degeneration {unknown}
 l - a potion of heal wounds {unknown}
 u - a potion of curing {unknown}


   Skills:
 + Level 3.9 Fighting
 * Level 6.3 Axes
 + Level 4.0 Armour
 + Level 0.2 Dodging
 + Level 3.6 Shields


You had 4 spell levels left.
You didn't know any spells.
Your spell library contained the following spells:

 Spells                   Type           Power      Damage    Failure   Level
 Stone Arrow              Conj/Erth      0%         3d7       100%        3
 Animate Armour           Summ/Erth      0%         N/A       100%        4
 Lehudib's Crystal Spear  Conj/Erth      0%         10d2      100%        8


Dungeon Overview and Level Annotations

Branches:
Dungeon (3/15)

Altars:
Hepliaklqana


Message History

The steam dragon claws you but does no damage.
Unknown command.
You completely miss the steam dragon.
The steam dragon is heavily wounded.
The steam dragon bites you but does no damage.
The steam dragon claws you but does no damage.
Unknown command.
You hit the steam dragon.
The steam dragon is heavily wounded.
You block the steam dragon's attack. The steam dragon claws you.
* * * LOW HITPOINT WARNING * * *
You block the steam dragon's attack. The steam dragon claws you.
* * * LOW HITPOINT WARNING * * *
Unknown command.
You closely miss the steam dragon.
The steam dragon is heavily wounded.
The steam dragon bites you.
* * * LOW HITPOINT WARNING * * *
The steam dragon barely misses you.
Unknown command.
The adder bites you but does no damage. You block the adder's attack.
The adder bites you but does no damage. The adder barely misses you.
The adder bites you but does no damage. The adder bites you but does no damage.
The adder barely misses you. The adder bites you but does no damage.
The adder bites you.
* * * LOW HITPOINT WARNING * * *
You are lethally poisoned!
The adder poisons you!
* * * LOW HITPOINT WARNING * * *
You feel sick.
* * * LOW HITPOINT WARNING * * *
You feel sick.
Unknown command.
It was a potion of brilliance.
You feel clever all of a sudden.
You die...

## ### [ ##.## # ##.#.## .#
# ##.#.#.##.#S# #
##.#.#.#.##.#.# ##
##.#.###)#.##.#D# .##
##.#.##.##รท#.##.#.#
..###.#.##.#.##.#.##.#.#
..##.#.##.#.#.##@#.##.#.##
.##.#.##.#...#.##S#.##.#.##
##.#.## #.##...(##D#.##.#.#
.##.#.##.#.##.#)..#.##.#.##
..##.#.##.#.##.#.#.##.#.##
...##.#.##.#D##.#D##.#.##
######.#.##.#.##.##D#.##
#### ##.#.##.#.###.#.##
...# ##.#.##.#.#.#.###


You could see a steam dragon and an adder.

Vanquished Creatures
  An orc priest (D:3)
  Robin (D:2)
  8 adders
  2 worms (D:2)
  2 orcs (D:3)
  3 bats
  2 endoplasms
  15 goblins
  2 hobgoblins
  5 jackals (D:3)
  8 kobolds
  5 rats
  A spectral goblin (D:1)
55 creatures vanquished.

Vanquished Creatures (others)
  10 plants (D:1)
10 creatures vanquished.

Grand Total: 65 creatures vanquished

Notes
Turn   | Place    | Note
-------+----------+-------------------------------------------
     0 | D:1      | Thomus the Hill Orc Fighter began the quest for the Orb.
     0 | D:1      | Reached XP level 1. HP: 19/19 MP: 1/1
   191 | D:1      | Reached skill level 3 in Axes
   317 | D:1      | Reached XP level 2. HP: 26/26 MP: 2/2
   406 | D:1      | Found a faded altar of an unknown god.
  1119 | D:2      | Reached XP level 3. HP: 31/33 MP: 3/3
  1238 | D:2      | Reached skill level 4 in Axes
  1496 | D:2      | Noticed Robin
  1504 | D:2      | Killed Robin
  1505 | D:2      | Reached XP level 4. HP: 18/40 MP: 4/4
  1706 | D:2      | Reached skill level 5 in Axes
  2106 | D:3      | Found a hazy altar of Hepliaklqana.
  2164 | D:3      | Reached XP level 5. HP: 43/46 MP: 5/5
  2238 | D:3      | Reached skill level 6 in Axes
  2463 | D:3      | Noticed a steam dragon
  2489 | D:3      | HP: 1/46 [steam dragon (5)]
  2515 | D:3      | HP: 2/46 [poisoned by an adder]
  2517 | D:3      | Succumbed to an adder's poison

Illustrated notes

Levels and vault maps discovered:
D:1:      minmay_arrival_jagged, layout_basic,
          dreamdust_ecumenical_altar_drowned_temple, lexackson_kobold_supper
D:2:      layout_basic, uniq_robin
D:3:      minmay_inner_zag, layout_loops_ring, lemuel_crystal_altar,
          grunt_temple_overflow_open

Skill      XL: |  1  2  3  4  5 |
---------------+----------------+-----
Axes           | 3 4 5 6 |  6.3
Armour         | 4 |  4.0
Fighting       | |  3.9
Dodging        | |  0.2
Shields        | |  3.6

Action                   |  1- 3 |  4- 6 || total
-------------------------+-------+-------++-------
Melee: War axe           |    92 |    74 ||   166
  Use: Potion            |       |     1 ||     1
Armor: Scale mail        |    32 |       ||    32
       Chain mail        |    23 |    68 ||    91
Dodge: Dodged            |    31 |    29 ||    60
Block: Kite shield       |    50 |    33 ||    83
